 Dungeon Crawl Stone Soup version 0.17-a0-1718-g72dbe4d (webtiles) character file.

49 kae the Firebug (level 3, -2/19 HPs)
             Began as a Tengu Fire Elementalist on Aug 24, 2015.
             Slain by an adder (3 damage)
             ... on level 2 of the Dungeon.
             The game lasted 00:01:20 (1214 turns).

kae the Firebug (Tengu Fire Elementalist)           Turns: 1214, Time: 00:01:21

Health: -2/19      AC:  2    Str:  8    XL:     3   Next: 75%
Magic:  10/16      EV: 12    Int: 16    God:
Gold:   64         SH:  0    Dex: 14    Spells: 1 memorised, 5 levels left

rFire  . . .     SeeInvis .     l - +0 spear
rCold  . . .     Clarity  .     a - +0 robe
rNeg   . . .     SustAt   .     (no shield)
rPois  .         Gourm    .     (helmet restricted)
rElec  .         Spirit   .     (no cloak)
rCorr  .         Warding  .     (no gloves)
rMut   .         Stasis   .     (boots unavailable)
MR     .....                    (no amulet)
Stlth  ++........               h - +2 ring of slaying
                                d - ring of magical power

@: lethally poisoned (-2 -> -6), not resistant to hostile enchantments,
unstealthy
A: beak, talons 3
a: no special abilities


You were on level 2 of the Dungeon.
You were hungry.

You visited 1 branch of the dungeon, and saw 2 of its levels.

You collected 64 gold pieces.

Inventory:

Hand weapons
 g - a +0 short sword
 l - a +0 spear (weapon)
Armour
 a - a +0 robe (worn)
Jewellery
 d - a ring of magical power (left hand)
 h - a +2 ring of slaying (right hand)
Scrolls
 e - a scroll of enchant armour {unknown}
 k - 2 scrolls of teleportation {unknown}
 m - a scroll of identify {unknown}
 p - a scroll of immolation {unknown}
Potions
 i - a potion of degeneration {unknown}
 j - a potion of curing {unknown}
 n - a potion of cancellation {unknown}
 q - a potion of might {unknown}
 r - a potion of heal wounds {unknown}
Books
 b - a book of Flames

   Spells                             Type                      Level
   a - Flame Tongue                   Conjuration/Fire             1
   b - Throw Flame                    Conjuration/Fire             2
   c - Conjure Flame                  Conjuration/Fire             3
   d - Inner Flame                    Hexes/Fire                   3
   e - Sticky Flame                   Conjuration/Fire             4
   f - Fireball                       Conjuration/Fire             5
Comestibles
 c - 3 bread rations
 f - 2 fruits
 o - a beef jerky


   Skills:
 - Level 2.1 Dodging
 - Level 2.0 Stealth
 - Level 2.0 Spellcasting
 - Level 1.3 Conjurations
 + Level 5.0 Fire Magic


You had 5 spell levels left.
You knew the following spells:

 Your Spells              Type           Power        Failure   Level  Hunger
a - Flame Tongue          Conj/Fire      ##...        8%          1    #......


Dungeon Overview and Level Annotations

Branches:
Dungeon (2/15)

Altars:


Innate Abilities, Weirdness & Mutations

You have a beak for a mouth.
You have claws for feet.


Message History

Aim: an adder (moderately wounded)
The flame tongue misses the adder.
The adder bites you.
* * * LOW HITPOINT WARNING * * *
Casting: Flame Tongue
Confirm with . or Enter, or press ? or * to list all spells.
Aiming: Flame Tongue
Press: ? - help, Shift-Dir - straight line, f/p - adder
Aim: an adder (moderately wounded)
The flame tongue hits the adder.
The adder is moderately wounded.
The adder closely misses you.
Casting: Flame Tongue
Confirm with . or Enter, or press ? or * to list all spells.
Aiming: Flame Tongue
Press: ? - help, Shift-Dir - straight line, f/p - adder
Aim: an adder (moderately wounded)
The flame tongue hits the adder.
The adder is heavily wounded.
The adder bites you.
You die...

#.##..# .#
#.###.# .#
#.##.#
#..#.#
##.#.# #...#
..#+#####..#
.......##..#
......gS@.>#
......)#####
.......
.......
...(...
..##### #


You could see an adder and a goblin.

Vanquished Creatures
  A gnoll (D:1)
  2 oozes (D:1)
  9 bats (D:1)
  4 hobgoblins
  3 jackals (D:1)
  A ball python (D:2)
  4 giant cockroaches
  A giant newt (D:1)
  2 goblins (D:1)
  2 kobolds (D:1)
  2 rats (D:1)
31 creatures vanquished.

Notes
Turn   | Place    | Note
--------------------------------------------------------------
     0 | D:1      | kae the Tengu Fire Elementalist began the quest for the Orb.
     0 | D:1      | Reached XP level 1. HP: 10/10 MP: 4/4
   327 | D:1      | Reached XP level 2. HP: 3/15 MP: 3/6
   569 | D:1      | Reached skill level 4 in Fire Magic
   683 | D:1      | Reached XP level 3. HP: 17/19 MP: 7/7
   982 | D:1      | Reached skill level 5 in Fire Magic
  1214 | D:2      | Slain by an adder

Vault maps used:
D:1:      minmay_arrival_cross
D:2:      st_stairs_11

Action                   || total
-------------------------++-------
Melee: Unarmed           ||     6
       Short sword       ||    11
       Spear             ||    35
 Cast: Flame Tongue      ||    36
 Stab: Sleeping          ||     5
  Eat: Chunk             ||     1
